 Dungeon Sprint DCSS version 0.19.1 (webtiles) character file.

149427 equalderp2856 the Sabretooth (level 13, 0/66 HPs)
             Began as a Felid Fighter on Dec 2, 2016.
             Was an Initiate of Gozag.
             Slain by an azure jelly (5 damage)
             ... in the Dungeon (Sprint IX: "|||||||||||||||||||||||||||||").
             The game lasted 01:27:45 (28926 turns).

equalderp2856 the Sabretooth (Felid Fighter)       Turns: 28926, Time: 01:27:46

Health: 0/66       AC:  3    Str: 14    XL:     13   Next: 80%
Magic:  29/29      EV: 43    Int: 12    God:    Gozag
Gold:   1565       SH:  0    Dex: 21    Spells: 8 memorised, 18 levels left
                                        Lives:  0   Deaths: 4

rFire  . . .     SeeInvis +       - Unarmed
rCold  + . .     Gourm    .     (armour unavailable)
rNeg   . . .     Faith    .     (shield unavailable)
rPois  .         Spirit   .     (helmet unavailable)
rElec  .         Reflect  .     (cloak unavailable)
rCorr  .         Harm     .     (gloves unavailable)
MR     +....     NoTele   +     (boots unavailable)
Stlth  +++++++++.               (no amulet)
                                n - +2 ring of evasion
                                m - +3 ring of dexterity

@: exhausted, slowed, bribing [the Dungeon], slow
A: no armour, no weapons or thrown items, stealth, claws 1, fangs 3, see
invisible, carnivore 3, speed 1, shaggy fur 3, slow metabolism 1, sharp paws
a: Potion Petition, Call Merchant, Bribe Branch, Renounce Religion
}: 6/15 runes: decaying, serpentine, barnacled, elven, silver, gossamer


You were in the Dungeon.
You worshipped Gozag.
Gozag was most pleased with you.
You were not hungry.

You visited 1 branch You collected 41914 gold pieces.
You spent 4193 gold pieces at shops.
You paid 36156 gold pieces to Gozag.

Inventory:

Jewellery
 m - a +3 ring of dexterity (left paw)
 n - a +2 ring of evasion (right paw)
 u - an uncursed ring of ice
 v - an uncursed ring of ice
 w - an uncursed ring of protection from fire
 C - an uncursed amulet of regeneration
 D - a +6 ring of strength
 E - a +4 ring of slaying
 I - a cursed -3 ring of dexterity
 K - an uncursed ring of positive energy
 L - the ring of Fenaikka {+Blink SInv}
   (You found it in the Dungeon)

   [ring of see invisible]

   It lets you see invisible.
   It lets you blink.
 M - the ring of the Little Devil {rElec rPois rF- Str+6 SInv}
   (You found it in the Dungeon)

   [ring of poison resistance]

   It affects your strength (+6).
   It makes you vulnerable to fire.
   It insulates you from electricity.
   It protects you from poison.
   It lets you see invisible.
 N - the amulet "Faclor" {+Rage rC- Str+3 Int+7 Dex-2}
   (You found it in the Dungeon)

   [amulet of rage]

   It affects your strength (+3).
   It affects your intelligence (+7).
   It affects your dexterity (-2).
   It makes you vulnerable to cold.
   It lets you go berserk.
 O - the ring "Dicser" {rF+ MR+}
   (You found it in the Dungeon)

   [ring of protection from magic]

   It protects you from fire.
   It affects your resistance to hostile enchantments.
 P - a +3 ring of slaying
Wands
 d - a wand of acid (5/15)
 l - a wand of iceblast (7/15)
 S - a wand of hasting (5/9)
Scrolls
 c - 3 scrolls of identify
 j - 6 scrolls of remove curse
 k - 2 scrolls of amnesia
 y - 3 scrolls of fog
 G - a scroll of fear
Potions
 a - a potion of might
 e - 6 potions of haste
 f - 4 potions of magic
 g - 5 potions of heal wounds
 i - a potion of invisibility
 o - 3 potions of berserk rage
 x - a potion of cure mutation
 F - a potion of brilliance
 H - a potion of mutation {unknown}
 Q - a potion of curing
 R - a potion of agility
 T - a potion of degeneration {unknown}
Books
 p - a book of Cantrips

   Spells                             Type                      Level
   a - Confusing Touch                Hexes                        1
   b - Animate Skeleton               Necromancy                   1
   c - Summon Small Mammal            Summoning                    1
   d - Apportation                    Translocation                1
 q - a book of Minor Magic

   Spells                             Type                      Level
   a - Magic Dart                     Conjuration                  1
   b - Blink                          Translocation                2
   c - Call Imp                       Summoning                    2
   d - Repel Missiles                 Charms/Air                   2
   e - Slow                           Hexes                        2
   f - Conjure Flame                  Conjuration/Fire             3
   g - Mephitic Cloud                 Conjuration/Poison/Air       3
 r - a book of Maledictions

   Spells                             Type                      Level
   a - Corona                         Hexes                        1
   b - Ensorcelled Hibernation        Hexes/Ice                    2
   c - Confuse                        Hexes                        3
   d - Tukima's Dance                 Hexes                        3
   e - Dazzling Spray                 Conjuration/Hexes            3
 s - a book of Misfortune

   Spells                             Type                      Level
   a - Confusing Touch                Hexes                        1
   b - Confuse                        Hexes                        3
   c - Gell's Gravitas                Hexes/Translocation          3
   d - Petrify                        Transmutation/Earth          4
   e - Metabolic Englaciation         Hexes/Ice                    5
   f - Yara's Violent Unravelling     Hexes/Transmutation          5
 t - the Volume of the Goat
   (You bought it in a shop in the Dungeon)

   Spells                             Type                      Level
   a - Confusing Touch                Hexes                        1
   b - Apportation                    Translocation                1
   c - Slow                           Hexes                        2
   d - Blink                          Translocation                2
   e - Dazzling Spray                 Conjuration/Hexes            3
   f - Metabolic Englaciation         Hexes/Ice                    5
   g - Summon Mana Viper              Hexes/Summoning              5
 A - a book of Callings

   Spells                             Type                      Level
   a - Summon Small Mammal            Summoning                    1
   b - Call Imp                       Summoning                    2
   c - Call Canine Familiar           Summoning                    3
   d - Summon Guardian Golem          Hexes/Summoning              3
   e - Summon Lightning Spire         Summoning/Air                4
   f - Summon Ice Beast               Ice/Summoning                4
 B - Soor's Almanac of Ghastly Ice
   (You bought it in a shop in the Dungeon)

   Spells                             Type                      Level
   a - Freeze                         Ice                          1
   b - Ensorcelled Hibernation        Hexes/Ice                    2
   c - Sublimation of Blood           Necromancy                   2
   d - Summon Ice Beast               Ice/Summoning                4
   e - Agony                          Necromancy                   5
   f - Bolt of Cold                   Conjuration/Ice              6
 J - a book of Death

   Spells                             Type                      Level
   a - Corpse Rot                     Necromancy                   2
   b - Sublimation of Blood           Necromancy                   2
   c - Agony                          Necromancy                   5
   d - Dispel Undead                  Necromancy                   5
   e - Excruciating Wounds            Charms/Necromancy            5
   f - Bolt of Draining               Conjuration/Necromancy       5
Comestibles
 b - 5 meat rations


   Skills:
 + Level 13.5 Fighting
 O Level 27 Dodging
 O Level 27 Stealth
 O Level 27 Unarmed Combat
 + Level 11.1 Spellcasting
 + Level 1.9 Conjurations
 + Level 10.4 Hexes
 + Level 5.2 Summonings
 + Level 6.6 Translocations
 + Level 1.5 Fire Magic
 + Level 8.9 Ice Magic


You had 18 spell levels left.
You knew the following spells:

 Your Spells              Type           Power        Failure   Level  Hunger
a - Animate Skeleton      Necr           N/A          12%         1    None
b - Blink                 Tloc           N/A          1%          2    None
c - Confusing Touch       Hex            ####..       1%          1    None
d - Repel Missiles        Chrm/Air       #.....       17%         2    None
e - Ensorcelled Hibernat  Hex/Ice        ####..       1%          2    None
f - Corona                Hex            ####...      1%          1    None
g - Summon Ice Beast      Ice/Summ       ###.....     8%          4    ###....
h - Conjure Flame         Conj/Fire      ##......     17%         3    #......


Dungeon Overview and Level Annotations

Branches:
Dungeon (1/1)

Altars:
Cheibriados
Dithmenos
Elyvilon
Fedhas
Gozag
Hepliaklqana
Kikubaaqudgha
Makhleb
Nemelex Xobeh
Okawaru
Qazlal
Ru
Sif Muna
Trog
Uskayaw
Vehumet
Xom
Yredelemnul
Zin
The Shining One
Beogh
Jiyva
Lugonu

Shops:
D ::%:[*


Innate Abilities, Weirdness & Mutations

You cannot wear armour.
You are incapable of wielding weapons or throwing items.
Your paws allow you to move quietly. (Stealth)
You have sharp claws.
You have razor-sharp teeth.
You have supernaturally acute eyesight. (SInv)
You are carnivorous and can eat meat at any time.
You cover ground quickly.
Your thick and shaggy fur keeps you warm. (AC +3, rC+)
You have a slow metabolism.
Your sharp claws are effective at attacking unaware monsters.


Message History

The azure jelly misses you. The azure jelly hits you.
The azure jelly freezes you! You resist. The azure jelly completely misses you.
The azure jelly closely misses you.
Unknown command.
You closely miss the azure jelly. Your claw misses the azure jelly.
The azure jelly is severely wounded.
The azure jelly completely misses you. The azure jelly hits you!
The azure jelly freezes you!! You resist.
* * * LOW HITPOINT WARNING * * *
The azure jelly completely misses you. x2
Unknown command.
You feel much better.
The azure jelly seems to return to its normal shape.
The azure jelly hits you! The azure jelly freezes you! You resist.
* * * LOW HITPOINT WARNING * * *
The azure jelly completely misses you. The azure jelly hits you.
* * * LOW HITPOINT WARNING * * *
The azure jelly misses you. The azure jelly hits you.
You die...
Your body crumbles into a pile of gold.

L..'..).))[).)).)'.....)).)))..)(
♣♣♣▓▓▓▓▓▓▓▓▓▓▓▓▓▓▓▓▓▓▓▓▓▓▓▓▓▓▓▓▓▓
..@.V..........@V.....L.....R....
▓▓▓▓▓▓▓▓▓▓▓▓▓▓▓▓▓▓▓▓▓▓▓▓▓▓▓▓▓▓▓▓▓
..))).X).)).)...X.(.))..)L)))(.))
▓▓▓▓▓▓▓▓▓▓▓▓▓▓▓▓▓▓▓▓▓▓▓▓▓▓▓▓▓▓▓▓▓
..R.........X.....XX.@V...L.....R
▓▓▓▓▓▓▓▓▓▓▓▓▓▓▓▓▓▓▓▓▓▓▓▓▓▓▓▓▓▓▓▓▓
.V)))))))...[[[[@JJJJ........*JJJ
▓▓▓▓▓▓▓▓▓▓▓▓▓▓▓▓▓▓▓▓▓▓▓▓▓▓▓▓▓▓▓▓▓
.................................
▓▓▓▓▓▓▓▓▓▓▓▓▓▓▓▓▓▓▓▓▓▓▓▓▓▓▓▓▓▓▓▓▓
.....)).())..)..'........[..)[.).
▓▓▓▓▓▓▓▓▓▓▓▓▓▓▓▓▓▓▓▓▓▓▓▓▓▓▓▓▓▓▓▓▓
.................................
▓▓▓▓▓▓▓▓▓▓▓▓▓▓▓▓▓▓▓▓▓▓▓▓▓▓▓▓▓▓▓▓▓
..'))).....'.'.'.'.......[..)...'


You could see 3 azure jellies and a death ooze.

Vanquished Creatures
  Xtahua (D)
  2 golden dragons (D)
  Jory (D)
  An electric golem (D)
  6 Orb Guardians (D)
  A lich (D)
  7 acid blobs (D)
  2 shadow dragons (D)
  3 azure jellies (D)
  A storm dragon (D)
  A draconian knight (D)
  3 ghost moths (D)
  3 emperor scorpions (D)
  A very ugly thing (D)
  A vampire knight (D)
  A spark wasp (D)
  8 death oozes (D)
  A yaktaur captain (D)
  2 fire dragons (D)
  A merfolk impaler (D)
  A great orb of eyes (D)
  An ice dragon (D)
  10 vault guards (D)
  A hydra (D)
  A merfolk aquamancer (D)
  3 centaur warriors (D)
  An alligator (D)
  An alligator snapping turtle (D)
  2 ogre magi (D)
  An orc high priest (D)
  A shock serpent (D)
  4 spriggans (D)
  A hell knight (D)
  A spriggan druid (D)
  5 deep trolls (D)
  5 swamp dragons (D)
  2 hill giants (D)
  3 lindwurms (D)
  2 orc knights (D)
  3 wolf spiders (D)
  2 ugly things (D)
  2 manticores (D)
  2 moths of wrath (D)
  Joseph (D)
  5 black mambas (D)
  2 spiny frogs (D)
  3 demonic crawlers (D)
  A yaktaur (D)
  A kobold demonologist (D)
  A tengu conjurer (D)
  A komodo dragon (D)
  5 trolls (D)
  A merfolk (shapeshifter) (D)
  A jumping spider (shapeshifter) (D)
  2 hornets (D)
  A polar bear (D)
  A merfolk (D)
  4 jumping spiders (D)
  A hornet (shapeshifter) (D)
  A slime creature (D)
  A slime creature (shapeshifter) (D)
  3 blink frogs (D)
  A redback (D)
  A wyvern (D)
  A tarantella (D)
  A golden eye (D)
  A basilisk (D)
  2 vampire mosquitoes (D)
  A hungry ghost (D)
  An insubstantial wisp (D)
  2 floating eyes (D)
  4 water moccasins (D)
  2 porcupines (D)
  An eye of draining (D)
  2 sky beasts (D)
  A swamp drake (D)
  9 orc warriors (D)
  A necrophage (D)
  A centaur (D)
  3 crocodiles (D)
  A big kobold (D)
  2 bullfrogs (D)
  2 wights (D)
  2 crimson imps (D)
  4 orc priests (D)
  3 orc wizards (D)
  A worker ant (D)
  A shadow imp (D)
  An ooze (D)
  An adder zombie (D)
  5 worms (D)
  8 orcs (D)
  A bat (D)
  A bat skeleton (D)
  A giant cockroach (D)
  2 frilled lizards (D)
  A goblin (D)
  A rat (D)
211 creatures vanquished.

Vanquished Creatures (collateral kills)
  3 ancient liches (D)
  2 golden dragons (D)
  An electric golem (D)
  2 tentacled monstrosities (D)
  7 Orb Guardians (D)
  2 quicksilver dragons (D)
  A deep elf blademaster (D)
  6 shadow dragons (D)
  2 storm dragons (D)
  A draconian monk (D)
  An azure jelly (D)
  Ilsuiw (D)
  3 nagarajas (D)
  A vault warden (D)
  A ghost moth (D)
  3 emperor scorpions (D)
  An ironheart preserver (D)
  A very ugly thing (D)
  A green draconian (D)
  4 vampire knights (D)
  A black draconian (D)
  2 deep elf annihilators (D)
  A yellow draconian (D)
  2 purple draconians (D)
  2 naga warriors (D)
  A merfolk impaler (D)
  2 vault guards (D)
  3 fire dragons (D)
  2 hydras (D)
  2 ice dragons (D)
  A merfolk avatar (D)
  2 ogre magi (D)
  2 hell knights (D)
  A hill giant (D)
  6 swamp dragons (D)
  An orc knight (D)
  6 moths of wrath (D)
  A naga mage (D)
  7 spriggans (D)
  A mottled dragon (D)
  2 nagas (D)
92 creatures vanquished.

Vanquished Creatures (others)
  the Royal Jelly (D)
  5 orbs of fire (D)
  Mennas (D)
  Mara (D)
  An ancient lich (D)
  Sojobo (D)
  Margery (D)
  Frederick (D)
  2 electric golems (D)
  Rupert (D)
  4 tentacled monstrosities (D)
  12 Orb Guardians (D)
  2 deep elf blademasters (D)
  2 acid blobs (D)
  2 death cobs (D)
  A sphinx (D)
  2 draconian monks (D)
  2 storm dragons (D)
  A tengu reaver (D)
  2 shadow dragons (D)
  Donald (D)
  6 azure jellies (D)
  A nagaraja (D)
  2 frost giants (D)
  2 fire giants (D)
  A vault warden (D)
  A draconian knight (D)
  Louise (D)
  5 deep elf sorcerers (D)
  A draconian zealot (D)
  Aizul (D)
  4 stone giants (D)
  3 ironheart preservers (D)
  A draconian caller (D)
  A very ugly thing (D)
  4 vampire knights (D)
  2 deep elf annihilators (D)
  2 deep elf demonologists (D)
  A white draconian (D)
  2 red draconians (D)
  2 yellow draconians (D)
  A deep elf death mage (D)
  2 purple draconians (D)
  Snorg (D)
  4 death oozes (D)
  2 merfolk javelineers (D)
  2 merfolk impalers (D)
  3 great orbs of eyes (D)
  A deep elf high priest (D)
  2 ice dragons (D)
  3 fire dragons (D)
  A yaktaur captain (D)
  A naga warrior (D)
  13 vault guards (D)
  A rakshasa (D)
  A merfolk avatar (D)
  A deep troll earth mage (D)
  5 merfolk aquamancers (D)
  A deep troll shaman (D)
  A centaur warrior (D)
  A spriggan berserker (D)
  4 deep elf knights (D)
  3 hell knights (D)
  2 wolf spiders (D)
  A shambling mangrove (D)
  A deep elf archer (D)
  A naga mage (D)
  2 ironbrand convokers (D)
  A harpy (shapeshifter) (D)
  An ugly thing (D)
  An orc knight (D)
  6 moths of wrath (D)
  An elephant (shapeshifter) (D)
  A black mamba (D)
  3 vault sentinels (D)
  2 yaktaurs (D)
  A spriggan (D)
  2 mottled dragons (D)
  4 nagas (D)
173 creatures vanquished.

Grand Total: 476 creatures vanquished

Notes
Turn   | Place    | Note
-------+----------+-------------------------------------------
     0 | D        | equalderp2856 the Felid Fighter began the quest for the Orb.
     0 | D        | Reached XP level 1. HP: 10/10 MP: 2/2
    13 | D        | Reached skill level 5 in Unarmed Combat
    16 | D        | Reached XP level 2. HP: 4/14 MP: 3/3
   250 | D        | Noticed a crimson imp
   250 | D        | Noticed a crimson imp
   266 | D        | Killed a crimson imp
   266 | D        | Reached skill level 5 in Dodging
   266 | D        | Reached XP level 3. HP: 11/18 MP: 4/4
   271 | D        | Reached XP level 4. HP: 13/22 MP: 5/5
   437 | D        | Found a roughly hewn altar of Beogh.
   437 | D        | Found a snail-covered altar of Cheibriados.
   437 | D        | Found a shadowy altar of Dithmenos.
   437 | D        | Found a white marble altar of Elyvilon.
   437 | D        | Found a blossoming altar of Fedhas.
   437 | D        | Found an opulent altar of Gozag.
   438 | D        | Found a hazy altar of Hepliaklqana.
   439 | D        | Found a viscous altar of Jiyva.
   440 | D        | Found an ancient bone altar of Kikubaaqudgha.
   441 | D        | Found a corrupted altar of Lugonu.
   442 | D        | Found a burning altar of Makhleb.
   443 | D        | Found a sparkling altar of Nemelex Xobeh.
   444 | D        | Found an iron altar of Okawaru.
   445 | D        | Became a worshipper of Gozag Ym Sagoz the Greedy
   446 | D        | Found a stormy altar of Qazlal.
   447 | D        | Found a sacrificial altar of Ru.
   448 | D        | Found a deep blue altar of Sif Muna.
   449 | D        | Found a bloodstained altar of Trog.
   450 | D        | Found a hide-covered altar of Uskayaw.
   451 | D        | Found a radiant altar of Vehumet.
   452 | D        | Found a shimmering altar of Xom.
   453 | D        | Found a basalt altar of Yredelemnul.
   454 | D        | Found a glowing silver altar of Zin.
   455 | D        | Found a glowing golden altar of the Shining One.
   482 | D        | Noticed an orc warrior
   482 | D        | Noticed a hill giant
   482 | D        | Noticed a big kobold
   482 | D        | Noticed a necrophage
   484 | D        | Killed an orc warrior
   484 | D        | Reached skill level 5 in Fighting
   484 | D        | Reached XP level 5. HP: 26/26 MP: 6/6
   517 | D        | Killed a hill giant
   517 | D        | Reached skill level 10 in Dodging
   517 | D        | Reached skill level 5 in Stealth
   517 | D        | Gained mutation: You are covered in thick fur. (AC +2) [Felid growth]
   517 | D        | Reached XP level 6. HP: 33/33 MP: 7/7
   517 | D        | Reached XP level 7. HP: 36/36 MP: 8/8
   615 | D        | Noticed a centaur warrior
   615 | D        | Noticed a centaur warrior
   629 | D        | Killed a centaur warrior
   629 | D        | Reached XP level 8. HP: 29/41 MP: 0/9
   643 | D        | Slain by a centaur warrior
   644 | D        | Reached XP level 7. HP: 0/37 MP: 0/8
   672 | D        | Noticed a lindwurm
   673 | D        | Noticed a lindwurm
   677 | D        | Noticed a lindwurm
   682 | D        | Killed a lindwurm
   682 | D        | Reached XP level 8. HP: 23/42 MP: 9/9
  1194 | D        | Noticed an orc knight
  1653 | D        | Killed a lindwurm
  1653 | D        | Reached skill level 15 in Unarmed Combat
  1707 | D        | Killed a lindwurm
  1707 | D        | Reached XP level 9. HP: 22/46 MP: 10/10
  1889 | D        | Noticed a komodo dragon
  1902 | D        | Killed a komodo dragon
  1988 | D        | Noticed a spiny frog
  2003 | D        | Killed a spiny frog
  2292 | D        | Noticed a spiny frog
  2292 | D        | Noticed a polar bear
  2297 | D        | Killed a polar bear
  2313 | D        | Reached XP level 10. HP: 37/50 MP: 11/11
  2400 | D        | Killed a spiny frog
  2411 | D        | Reached skill level 10 in Stealth
  2541 | D        | Noticed Joseph
  2553 | D        | Killed Joseph
  2665 | D        | Killed a centaur warrior
  3043 | D        | Killed an orc knight
  3175 | D        | Noticed an orc high priest
  3175 | D        | Noticed an orc knight
  3187 | D        | Killed an orc high priest
  3418 | D        | Killed an orc knight
  3418 | D        | Reached skill level 10 in Fighting
  3773 | D        | Reached XP level 11. HP: 54/54 MP: 12/12
  3964 | D        | Found Harchyevo's Food Emporium.
  3964 | D        | Noticed an ogre mage
  3964 | D        | Noticed a deep troll
  3964 | D        | Noticed an ogre mage
  3964 | D        | Noticed a deep troll
  3971 | D        | Killed an ogre mage
  4227 | D        | Killed a deep troll
  4265 | D        | Reached skill level 15 in Dodging
  4287 | D        | Killed an ogre mage
  4292 | D        | Mangled by a deep troll
  4293 | D        | Reached XP level 10. HP: -8/51 MP: 11/11
  4338 | D        | Found Vetruwora's General Store.
  4338 | D        | Noticed a deep troll
  4338 | D        | Noticed a hill giant
  4338 | D        | Noticed a deep troll
  4338 | D        | Noticed a deep troll
  4340 | D        | Killed a deep troll
  4341 | D        | Found Nump's Antique Armour Emporium.
  4342 | D        | Killed a deep troll
  4344 | D        | Killed a hill giant
  4345 | D        | Found Kesyvercho's Book Shoppe.
  4346 | D        | Killed a deep troll
  4619 | D        | Killed a deep troll
  4619 | D        | Reached XP level 11. HP: 27/54 MP: 12/12
  5025 | D        | Bought a book of Cantrips for 220 gold pieces
  5025 | D        | Bought a book of Minor Magic for 220 gold pieces
  5025 | D        | Bought a book of Maledictions for 275 gold pieces
  5033 | D        | Bought a book of Misfortune for 220 gold pieces
  5033 | D        | Bought the Volume of the Goat for 408 gold pieces
  5035 | D        | Learned a level 1 spell: Animate Skeleton
  5038 | D        | Learned a level 2 spell: Blink
  5040 | D        | Learned a level 1 spell: Confusing Touch
  5043 | D        | Learned a level 2 spell: Repel Missiles
  5046 | D        | Learned a level 2 spell: Ensorcelled Hibernation
  5048 | D        | Learned a level 1 spell: Corona
  5294 | D        | Noticed an eight-headed hydra
  5837 | D        | Killed an eight-headed hydra
  5837 | D        | Reached skill level 1 in Spellcasting
  5837 | D        | Reached skill level 1 in Ice Magic
  6054 | D        | Noticed an alligator
  6063 | D        | an alligator changed into a slime creature
  6065 | D        | Noticed a hell knight
  6066 | D        | Noticed a yaktaur captain
  6070 | D        | Noticed a white ugly thing
  6317 | D        | Killed a hell knight
  6327 | D        | Killed a yaktaur captain
  6327 | D        | Reached skill level 15 in Stealth
  6327 | D        | Reached skill level 5 in Hexes
  6560 | D        | Killed a white ugly thing
  6688 | D        | Noticed a merfolk impaler
  6688 | D        | Noticed a merfolk aquamancer
  6776 | D        | Killed a merfolk impaler
  6829 | D        | Killed a merfolk aquamancer
  6957 | D        | Noticed an alligator snapping turtle
  7274 | D        | Killed an alligator snapping turtle
  7274 | D        | Reached skill level 5 in Spellcasting
  7336 | D        | Gained mutation: Your thick and shaggy fur keeps you warm. (AC +3, rC+) [Felid growth]
  7336 | D        | Reached XP level 12. HP: 36/58 MP: 19/21
  7491 | D        | Reached skill level 5 in Ice Magic
  7506 | D        | Noticed an alligator
  8400 | D        | Killed an alligator
  9639 | D        | Bought a manual of Unarmed Combat for 1545 gold pieces
  9728 | D        | Bought a book of Callings for 360 gold pieces
  9732 | D        | Bought Soor's Almanac of Ghastly Ice for 945 gold pieces
  9745 | D        | Learned a level 4 spell: Summon Ice Beast
 10112 | D        | Reached skill level 1 in Translocations
 10179 | D        | Noticed Rupert
 10228 | D        | Noticed Snorg
 10261 | D        | Noticed a red very ugly thing
 10261 | D        | Noticed a rakshasa
 10261 | D        | Noticed a fire dragon
 10261 | D        | Noticed a frost giant
 10261 | D        | Noticed an ice dragon
 10263 | D        | Killed a rakshasa
 10267 | D        | Killed a frost giant
 10273 | D        | Noticed a stone giant
 10276 | D        | Noticed a great orb of eyes
 10281 | D        | Killed a great orb of eyes
 10282 | D        | Noticed a spark wasp
 10282 | D        | Your ally died
 10284 | D        | Killed a red very ugly thing
 10284 | D        | Killed a stone giant
 10285 | D        | Noticed a storm dragon
 10287 | D        | Killed a fire dragon
 10288 | D        | Noticed a shadow dragon
 10293 | D        | Killed an ice dragon
 10306 | D        | Killed a spark wasp
 10332 | D        | Killed a shadow dragon
 10332 | D        | Reached skill level 10 in Hexes
 10332 | D        | Reached skill level 1 in Summonings
 10338 | D        | Killed a storm dragon
 10338 | D        | Reached skill level 5 in Translocations
 10338 | D        | Reached XP level 13. HP: 51/62 MP: 23/26
 10359 | D        | Noticed a brown very ugly thing
 10368 | D        | Killed a brown very ugly thing
 10384 | D        | Killed a fire dragon
 10391 | D        | Noticed a vault warden
 10393 | D        | Noticed a fire dragon
 10409 | D        | Killed a fire dragon
 10422 | D        | Noticed a stone giant
 10423 | D        | Noticed an ironheart preserver
 10428 | D        | Noticed an ironheart preserver
 10452 | D        | Killed an ironheart preserver
 10457 | D        | Killed an ironheart preserver
 10459 | D        | Killed a stone giant
 10532 | D        | Noticed Donald
 10545 | D        | Noticed Jory
 10680 | D        | Noticed Frederick
 10693 | D        | Noticed Aizul
 10694 | D        | Noticed Xtahua
 10708 | D        | Noticed a tengu reaver
 10711 | D        | Noticed Sojobo
 10712 | D        | Noticed Margery
 10717 | D        | Your ally died
 10737 | D        | Killed Margery
 10763 | D        | Your ally died
 10791 | D        | Your ally died
 10909 | D        | Noticed a nagaraja
 10909 | D        | Noticed a nagaraja
 10909 | D        | Noticed a nagaraja
 10910 | D        | Noticed a nagaraja
 10922 | D        | Killed a nagaraja
 10930 | D        | Killed a naga warrior
 10933 | D        | Got a serpentine rune of Zot
 10943 | D        | Noticed a merfolk javelineer
 10943 | D        | Noticed a merfolk impaler
 10950 | D        | Noticed Ilsuiw
 10951 | D        | Noticed a merfolk javelineer
 10952 | D        | Noticed a merfolk impaler
 10963 | D        | Noticed a merfolk impaler
 10968 | D        | Killed a nagaraja
 10972 | D        | Killed a nagaraja
 10992 | D        | Killed a merfolk impaler
 11025 | D        | Got a decaying rune of Zot
 11073 | D        | Got a barnacled rune of Zot
 11106 | D        | Noticed an emperor scorpion
 11106 | D        | Noticed an emperor scorpion
 11106 | D        | Noticed an emperor scorpion
 11106 | D        | Noticed a ghost moth
 11106 | D        | Noticed an emperor scorpion
 11107 | D        | Noticed a ghost moth
 11108 | D        | Killed an emperor scorpion
 11108 | D        | Reached skill level 10 in Spellcasting
 11125 | D        | Killed an emperor scorpion
 11137 | D        | Your ally died
 11137 | D        | Killed a ghost moth
 11150 | D        | Killed an emperor scorpion
 11160 | D        | Killed an emperor scorpion
 11163 | D        | Killed a ghost moth
 11167 | D        | Noticed a ghost moth
 11168 | D        | Noticed an emperor scorpion
 11169 | D        | Noticed an emperor scorpion
 11177 | D        | Killed a ghost moth
 11179 | D        | Killed an emperor scorpion
 11189 | D        | Killed an emperor scorpion
 11197 | D        | Got a gossamer rune of Zot
 11655 | D        | Your ally died
 11657 | D        | Killed Jory
 11922 | D        | Noticed Mennas
 11992 | D        | Reached XP level 14. HP: 66/66 MP: 29/29
 12036 | D        | Noticed a stone giant
 12037 | D        | Noticed a vault warden
 12038 | D        | Noticed an ironheart preserver
 12056 | D        | Killed a frost giant
 12065 | D        | Noticed a green very ugly thing
 12066 | D        | Noticed a shadow dragon
 12066 | D        | Killed a green very ugly thing
 12067 | D        | Noticed a shadow dragon
 12077 | D        | Killed an ironheart preserver
 12079 | D        | Killed a vault warden
 12082 | D        | Killed a shadow dragon
 12090 | D        | Noticed a sphinx
 12093 | D        | Killed a stone giant
 12095 | D        | Killed a shadow dragon
 12144 | D        | Killed a storm dragon
 13453 | D        | Killed a vault warden
 15655 | D        | Noticed a shadow dragon
 15655 | D        | Noticed a shadow dragon
 15655 | D        | Noticed a shadow dragon
 15655 | D        | Noticed a tentacled monstrosity
 15655 | D        | Noticed a shadow dragon
 15683 | D        | Killed a tentacled monstrosity
 15686 | D        | Killed a shadow dragon
 15694 | D        | Killed a shadow dragon
 15699 | D        | Killed a shadow dragon
 15945 | D        | Noticed an ironheart preserver
 15946 | D        | Noticed a shadow dragon
 15957 | D        | Killed a shadow dragon
 15963 | D        | Killed an ironheart preserver
 15963 | D        | Reached skill level 27 in Unarmed Combat
 15970 | D        | Killed a shadow dragon
 15979 | D        | Got a silver rune of Zot
 16119 | D        | Got the ring of Fenaikka {+Blink SInv}
 16121 | D        | Got the ring of the Little Devil {rElec rPois rF- Str+6 SInv}
 16123 | D        | Got the amulet "Faclor" {+Rage rC- Str+3 Int+7 Dex-2}
 16125 | D        | Got the ring "Dicser" {rF+ MR+}
 16221 | D        | Noticed Mara
 16228 | D        | Noticed Louise
 16261 | D        | Noticed a stone giant
 16287 | D        | Noticed a fire giant
 16289 | D        | Noticed a fire giant
 16334 | D        | Noticed a golden dragon
 16334 | D        | Noticed a golden dragon
 16336 | D        | Killed a golden dragon
 16340 | D        | Killed a golden dragon
 16354 | D        | Killed a fire giant
 16393 | D        | Noticed a shadow dragon
 16393 | D        | Noticed a golden dragon
 16393 | D        | Noticed a quicksilver dragon
 16409 | D        | Killed a stone giant
 16409 | D        | Killed a golden dragon
 16415 | D        | Noticed a red draconian caller
 16416 | D        | Killed a shadow dragon
 16416 | D        | Killed a quicksilver dragon
 16430 | D        | Your ally died
 16431 | D        | Killed a red draconian caller
 17104 | D        | Noticed a purple draconian monk
 17104 | D        | Noticed a death cob
 17104 | D        | Noticed a storm dragon
 17105 | D        | Noticed a red draconian monk
 17106 | D        | Killed a storm dragon
 17108 | D        | Reached skill level 27 in Stealth
 17112 | D        | Killed a tentacled monstrosity
 17132 | D        | Noticed a storm dragon
 17132 | D        | Noticed a tentacled monstrosity
 17132 | D        | Noticed a quicksilver dragon
 17138 | D        | Killed a red draconian monk
 17138 | D        | Killed a tentacled monstrosity
 17143 | D        | Killed a quicksilver dragon
 17147 | D        | Killed a storm dragon
 17151 | D        | Noticed a tentacled monstrosity
 17160 | D        | Noticed a mottled draconian knight
 17220 | D        | Noticed a tentacled monstrosity
 17226 | D        | Killed a mottled draconian knight
 17227 | D        | Killed a purple draconian monk
 17230 | D        | Killed a tentacled monstrosity
 17234 | D        | Killed a yellow draconian zealot
 17239 | D        | Killed a tentacled monstrosity
 17244 | D        | Noticed a golden dragon
 17249 | D        | Killed a golden dragon
 17579 | D        | Noticed an Orb Guardian
 17579 | D        | Noticed an Orb Guardian
 17579 | D        | Noticed an Orb Guardian
 17579 | D        | Noticed an Orb Guardian
 17579 | D        | Noticed an Orb Guardian
 17579 | D        | Noticed an Orb Guardian
 17580 | D        | Noticed an Orb Guardian
 17581 | D        | Noticed an Orb Guardian
 17581 | D        | Killed an Orb Guardian
 17582 | D        | Noticed an Orb Guardian
 17583 | D        | Noticed an Orb Guardian
 17584 | D        | Killed an Orb Guardian
 17592 | D        | Noticed a ghost moth
 17592 | D        | Noticed an Orb Guardian
 17592 | D        | Noticed an Orb Guardian
 17592 | D        | Noticed a storm dragon
 17592 | D        | Noticed a tentacled monstrosity
 17596 | D        | Killed a storm dragon
 17599 | D        | Killed a ghost moth
 17599 | D        | Reached XP level 15. HP: 62/71 MP: 14/30
 17600 | D        | Noticed an Orb Guardian
 17603 | D        | Noticed an Orb Guardian
 17603 | D        | Killed an Orb Guardian
 17609 | D        | Killed an Orb Guardian
 17657 | D        | Noticed an ancient lich
 17658 | D        | Noticed an orb of fire
 17661 | D        | Killed an Orb Guardian
 17667 | D        | Killed an Orb Guardian
 17668 | D        | Killed an Orb Guardian
 17672 | D        | Killed an Orb Guardian
 17680 | D        | Killed an ancient lich
 17699 | D        | Your ally died
 17701 | D        | Killed an Orb Guardian
 17704 | D        | Your ally died
 17761 | D        | Noticed an electric golem
 17763 | D        | Killed an electric golem
 17767 | D        | Noticed an electric golem
 17767 | D        | Noticed an ancient lich
 17767 | D        | Noticed a death cob
 17767 | D        | Noticed an electric golem
 17776 | D        | Killed a death cob
 17787 | D        | Noticed an ancient lich
 17788 | D        | Noticed an orb of fire
 17791 | D        | Killed a shadow dragon
 17792 | D        | Killed an electric golem
 17797 | D        | Killed an electric golem
 17801 | D        | Noticed an orb of fire
 17802 | D        | Noticed a black draconian knight
 17805 | D        | Noticed a mottled draconian monk
 17850 | D        | Noticed an Orb Guardian
 17850 | D        | Noticed an Orb Guardian
 17850 | D        | Noticed an Orb Guardian
 17850 | D        | Noticed an Orb Guardian
 17850 | D        | Noticed an Orb Guardian
 17850 | D        | Noticed an Orb Guardian
 17852 | D        | Noticed an Orb Guardian
 17853 | D        | Killed an Orb Guardian
 17859 | D        | Killed an ancient lich
 17860 | D        | Killed an Orb Guardian
 17860 | D        | Killed an Orb Guardian
 17862 | D        | Killed an Orb Guardian
 17865 | D        | Killed an ancient lich
 17872 | D        | Killed from afar by an orb of fire
 17873 | D        | Reached XP level 14. HP: -6/69 MP: 29/29
 17879 | D        | Killed a mottled draconian monk
 17882 | D        | Killed an orb of fire
 17896 | D        | Noticed an Orb Guardian
 17896 | D        | Noticed an Orb Guardian
 17896 | D        | Noticed an Orb Guardian
 17897 | D        | Noticed an Orb Guardian
 17904 | D        | Noticed an Orb Guardian
 17915 | D        | Killed an Orb Guardian
 17921 | D        | Killed an Orb Guardian
 18033 | D        | Noticed a vampire knight
 18033 | D        | Noticed a vampire knight
 18033 | D        | Noticed a vampire knight
 18033 | D        | Noticed a vampire knight
 18033 | D        | Noticed a vampire knight
 18033 | D        | Noticed a vampire knight
 18043 | D        | Killed a vampire knight
 18052 | D        | Killed a vampire knight
 18053 | D        | Killed an Orb Guardian
 18068 | D        | Killed a vampire knight
 18085 | D        | Killed a vampire knight
 18091 | D        | Noticed a vampire knight
 18092 | D        | Killed a vampire knight
 18093 | D        | Noticed a vampire knight
 18094 | D        | Noticed a vampire knight
 18098 | D        | Noticed an ancient lich
 18099 | D        | Noticed a lich
 23772 | D        | Your ally baker died
 23863 | D        | Noticed a deep elf blademaster
 23863 | D        | Noticed a deep elf blademaster
 23863 | D        | Noticed a deep elf sorcerer
 23864 | D        | Noticed an Executioner
 23864 | D        | Noticed a deep elf blademaster
 23869 | D        | Killed a vampire knight
 23871 | D        | Killed a deep elf blademaster
 23872 | D        | Killed a deep elf sorcerer
 23876 | D        | Killed a deep elf sorcerer
 23876 | D        | Killed a deep elf blademaster
 23877 | D        | Killed a lich
 23877 | D        | Killed a deep elf sorcerer
 23878 | D        | Killed a vampire knight
 23880 | D        | Killed a deep elf sorcerer
 23884 | D        | Killed an Orb Guardian
 23887 | D        | Killed a deep elf sorcerer
 24053 | D        | Killed a deep elf blademaster
 24612 | D        | Learned a level 3 spell: Conjure Flame
 24666 | D        | Got an elven rune of Zot
 24678 | D        | Noticed an acid blob
 24678 | D        | Noticed an azure jelly
 24679 | D        | Noticed an acid blob
 24681 | D        | Noticed an acid blob
 24682 | D        | Killed an acid blob
 24692 | D        | Killed an azure jelly
 24696 | D        | Your ally died
 25272 | D        | Killed an acid blob
 25272 | D        | Reached skill level 27 in Dodging
 25272 | D        | Reached skill level 1 in Conjurations
 25309 | D        | Noticed the Royal Jelly
 25633 | D        | Splashed by an acid blob's acid
 25634 | D        | Reached XP level 13. HP: -3/66 MP: 17/28
 25676 | D        | Killed an acid blob
 25676 | D        | Reached skill level 5 in Summonings
 25676 | D        | Reached skill level 1 in Fire Magic
 25827 | D        | Paralysed by a floating eye for 4 turns
 25845 | D        | Noticed an azure jelly
 25856 | D        | Noticed an acid blob
 25857 | D        | Noticed an azure jelly
 25858 | D        | Noticed an azure jelly
 25858 | D        | Noticed a death ooze
 25858 | D        | Noticed an azure jelly
 25859 | D        | HP: 3/66 [acid (9)]
 26851 | D        | Killed an azure jelly
 26924 | D        | Killed an acid blob
 27341 | D        | Killed Louise
 27431 | D        | Killed an azure jelly
 27822 | D        | Killed an azure jelly
 28091 | D        | Noticed a death ooze
 28091 | D        | Noticed an acid blob
 28091 | D        | Noticed a death ooze
 28091 | D        | Noticed an azure jelly
 28099 | D        | Killed an azure jelly
 28101 | D        | Killed a death ooze
 28104 | D        | Noticed a death ooze
 28116 | D        | Killed an acid blob
 28374 | D        | Killed a death ooze
 28379 | D        | Killed a death ooze
 28498 | D        | Noticed an acid blob
 28499 | D        | Noticed a death ooze
 28499 | D        | Noticed an azure jelly
 28500 | D        | Noticed an azure jelly
 28500 | D        | Noticed an acid blob
 28515 | D        | Killed an acid blob
 28518 | D        | Killed a death ooze
 28521 | D        | Killed an acid blob
 28873 | D        | Killed an azure jelly
 28873 | D        | Killed an azure jelly
 28874 | D        | Noticed a death ooze
 28874 | D        | Noticed an acid blob
 28874 | D        | Noticed a death ooze
 28874 | D        | Noticed a death ooze
 28876 | D        | Killed a death ooze
 28876 | D        | Killed a death ooze
 28878 | D        | Killed a death ooze
 28879 | D        | Noticed an azure jelly
 28882 | D        | Killed an azure jelly
 28883 | D        | Killed an acid blob
 28884 | D        | Noticed an azure jelly
 28884 | D        | Noticed a death ooze
 28884 | D        | Noticed a death ooze
 28885 | D        | Killed a death ooze
 28886 | D        | Noticed an azure jelly
 28886 | D        | Noticed a death ooze
 28889 | D        | Noticed an acid blob
 28889 | D        | Killed an azure jelly
 28889 | D        | Killed the Royal Jelly
 28890 | D        | Noticed an azure jelly
 28890 | D        | Noticed an azure jelly
 28890 | D        | Noticed a death ooze
 28890 | D        | Killed a death ooze
 28895 | D        | Killed an acid blob
 28895 | D        | Killed an orb of fire
 28908 | D        | Killed an azure jelly
 28910 | D        | Killed a death ooze
 28914 | D        | Noticed an azure jelly
 28926 | D        | Slain by an azure jelly

Skill      XL: |  1  2  3  4  5  6  7  8  9 10 11 12 13 14 15 |
---------------+----------------------------------------------+-----
Unarmed Combat | 5 6 7 9 12 14 16 17 21 22 24 26 27 | 27.0
Fighting       | 4 5 7 9 10 13 12 | 13.5
Dodging        | 5 6 7 10 12 13 14 16 17 18 27 24 | 27.0
Stealth        | 2 5 7 8 9 13 16 17 20 27 | 27.0
Spellcasting   | 5 8 11 | 11.1
Hexes          | 7 10 | 10.4
Ice Magic      | 4 6 7 8 |  8.9
Translocations | 5 6 |  6.6
Summonings     | 1 5 4 |  5.2
Conjurations   | 1 |  1.9
Fire Magic     | 1 |  1.5

Action                   |  1- 3 |  4- 6 |  7- 9 | 10-12 | 13-15 || total
-------------------------+-------+-------+-------+-------+-------++-------
Melee: Unarmed           |    31 |    27 |   120 |   359 |   240 ||   777
       Bite              |     2 |     4 |    17 |    46 |    37 ||   106
       Punch             |       |     1 |    13 |    33 |    28 ||    75
 Cast: Ensorcelled Hiber |       |       |       |    46 |     1 ||    47
       Blink             |       |       |       |     4 |       ||     4
       Summon Ice Beast  |       |       |       |     2 |     9 ||    11
       Confusing Touch   |       |       |       |     2 |       ||     2
       Conjure Flame     |       |       |       |       |     8 ||     8
Invok: Call Merchant     |       |       |       |     2 |       ||     2
       Potion Petition   |       |       |       |     1 |    19 ||    20
       Bribe Branch      |       |       |       |     1 |     7 ||     8
  Use: Potion            |       |     3 |     6 |     4 |    10 ||    23
       Scroll            |       |       |       |     1 |     7 ||     8
 Stab: Sleeping          |       |     1 |       |    11 |    12 ||    24
       Distracted        |       |       |     3 |    12 |    17 ||    32
       Confused          |       |       |       |     2 |       ||     2
       Invisible         |       |       |       |     1 |       ||     1
       Betrayed ally     |       |       |       |       |     1 ||     1
  Eat: Meat ration       |       |       |       |     3 |     5 ||     8
       Royal jelly       |       |       |       |       |     1 ||     1
Armor: Skin              |     1 |     1 |     2 |     6 |     2 ||    12
Dodge: Dodged            |    18 |    16 |   101 |   304 |   292 ||   731
